 Dungeon Crawl Stone Soup version 0.30-a0-1157-g2cc9ac7196 (webtiles) character file.

Game seed: 6384939252612282077

6344 ytrimaz the Cleaver (level 10, -5/70 HPs)
             Began as a Demonspawn Fighter on Apr 24, 2023.
             Was an Elder of Okawaru.
             Slain by a two-headed ogre
             ... wielding a +0 giant club
              (13 damage)
             ... on level 9 of the Dungeon.
             The game lasted 00:13:30 (9602 turns).

ytrimaz the Cleaver (Demonspawn Fighter)            Turns: 9602, Time: 00:13:30

Health: -5/70      AC: 13    Str: 23    XL:     10   Next: 64%
Magic:  24/24      EV:  6    Int: 10    God:    Okawaru [****..]
Gold:   75         SH:  7    Dex: 21    Spells: 9/9 levels left

rFire   + + .        a - +0 war axe (drain)
rCold   . . .        c - +1 buckler
rNeg    . . .        C - +2 plate armour of the Dice {rF++ MP+9}
rPois   .            (no helmet)
rElec   +            (no cloak)
rCorr   +            (no gloves)
SInv    .            (no boots)
Will    .....        (no amulet) Stlth
                     g - ring of Ehoemo {rElec rCorr Str+2 Dex+3 Stlth+}
HPRegen 0.31/turn    u - +6 ring of dexterity
MPRegen 0.19/turn

%: no passive effects
@: no status effects
A: ignite blood 1, spiny 1, weakness stinger 2, demonic touch 2
a: Renounce Religion, Heroism, Finesse


You were on level 9 of the Dungeon.
You worshipped Okawaru.
Okawaru was greatly pleased with you.
You visited 2 branches of the dungeon, and saw 10 of its levels.
You also visited: Ossuary.

You collected 807 gold pieces.
You spent 732 gold pieces at shops.


Innate Abilities, Weirdness & Mutations

Your demonic aura sometimes causes spilled blood to erupt in flames.
You are partially covered in sharp spines.
You have a tail ending in a sharp stinger.
Your touch may inflict irresistible damage on your foes.


   Skills:
 - Level 3.0 Fighting
 + Level 13.5 Axes
 + Level 3.6 Armour
 - Level 4.0 Shields
 - Level 7.0 Invocations


You had 9 spell levels left.
You didn't know any spells.
Your spell library contained the following spells:

 Spells                   Type           Power      Damage    Failure   Level
 Ensorcelled Hibernation  Hex/Ice        0%         N/A       100%        2
 Passwall                 Tmut/Erth      0%         N/A       100%        2
 Poisonous Vapours        Pois/Air       0%         N/A       100%        2
 Mephitic Cloud           Conj/Pois/Air  0%         N/A       100%        3
 Spider Form              Tmut/Pois      0%         N/A       100%        3
 Swiftness                Air            0%         N/A       100%        3
 Vhi's Electric Charge    Tloc/Air       0%         N/A       100%        3
 Anguish                  Hex/Necr       0%         N/A       100%        4
 Arcjolt                  Conj/Air       0%         1d10      100%        5
 Blade Hands              Tmut           0%         N/A       100%        5
 Freezing Cloud           Conj/Ice/Air   0%         6-21      100%        5
 Iron Shot                Conj/Erth      0%         9d1       100%        6
 Maxwell's Capacitive Co  Air            0%         ∞         100%        8
 Summon Small Mammal      Summ           Unusable   N/A       N/A         1
 Call Canine Familiar     Summ           Unusable   N/A       N/A         3
 Summon Guardian Golem    Hex/Summ       Unusable   N/A       N/A         3
 Animate Armour           Summ/Erth      Unusable   N/A       N/A         4

Inventory:

Hand Weapons
 a - a +0 war axe of draining (weapon)
 x - a +0 heavy war axe
   (You took it off an orc priest on level 8 of the Dungeon)
Missiles
 m - 2 throwing nets
Armour
 c - a +1 buckler (worn)
 e - a scarf of repulsion
   (You found it on level 3 of the Dungeon)
 t - a +0 plate armour
   (You found it on level 5 of the Dungeon)
 C - the +2 plate armour of the Dice (worn) {rF++ MP+9}
   (You bought it in a shop on level 1 of the Dungeon)

   rF:        It greatly protects you from fire.
   MP:        It affects your magic capacity (+9).
 D - the +5 chain mail "Reggach" {Dex+2}
   (You found it on level 9 of the Dungeon)

   Dex:       It affects your dexterity (+2).
Jewellery
 g - the ring of Ehoemo (left hand) {rElec rCorr Str+2 Dex+3 Stlth+}
   (You acquired it on level 5 of the Dungeon)

   [ring of resist corrosion]

   Str:       It affects your strength (+2).
   Dex:       It affects your dexterity (+3).
   rElec:     It insulates you from electricity.
   rCorr:     It protects you from acid and corrosion.
   Stlth:     It makes you more stealthy.
 u - a +6 ring of dexterity (right hand)
   (You found it on level 7 of the Dungeon)
Wands
 b - a wand of polymorph (1)
   (You took it off Ijyb on level 5 of the Dungeon)
 p - a wand of flame (53) (quivered)
   (You took it off Natasha on level 2 of the Dungeon)
 y - a wand of digging (6)
   (You found it on level 4 of the Dungeon)
 B - a wand of paralysis (2)
   (You found it on level 9 of the Dungeon)
Scrolls
 j - 4 scrolls of amnesia
 n - 4 scrolls of teleportation
 q - a scroll of enchant armour
 v - 4 scrolls of magic mapping
Potions
 d - 5 potions of might
 f - 4 potions of cancellation
 h - 2 potions of berserk rage
 i - 8 potions of curing
 k - 3 potions of resistance
 l - 2 potions of heal wounds
 o - 2 potions of haste
 r - a potion of lignification
 s - a potion of attraction {unknown}
 w - 3 potions of flight
 z - a potion of mutation {unknown}
 A - a potion of brilliance

Dungeon Overview and Level Annotations

Branches:
Dungeon (9/15) Zot: 25599  Temple (1/1) D:6 Zot: 5916    Lair (0/5) D:8
Ossuary (visited)
    Orc: D:9-12

Altars:
Ashenzari
Cheibriados
Dithmenos
Fedhas
Gozag
Hepliaklqana
Kikubaaqudgha
Makhleb
Nemelex Xobeh
Okawaru
Qazlal
Ru
Sif Muna
Trog
Uskayaw
Vehumet
Wu Jian
Xom
Yredelemnul

Shops:
D:1 [[!*   D:7 ?

Annotations:
D:4 3 runed translucent doors, BlasphemerAmon's ghost, weakling GnMo
D:9 3 runed translucent doors, Orangeyouglad's ghost, novice HuWn

###### #.....###
#.....###########
#.O@○.........##
##.○...........##
############...#
##..# #...# #..##
#..# #.## #.## #


You could see a two-headed ogre (drained).


Message History

Key pressed, stopping explore.
You pick up a book of Vapours and begin reading...
You add the spells Poisonous Vapours, Mephitic Cloud and Freezing Cloud to your library.
You see here a +0 scale mail.
Key pressed, stopping explore.
Key pressed, stopping explore.
Key pressed, stopping explore.
Found a stone staircase leading up.
You see here the +5 chain mail "Reggach" {Dex+2}.
An acid dragon comes into view.
The acid dragon roars!
The acid dragon closely misses you. You block the acid dragon's attack.
You hit the acid dragon. You tail-slap the acid dragon.
The acid dragon is engulfed in blazing flames.
The acid dragon spits acid at you. The splash of acid hits you!
You resist. 😕 HP[-13]
You take 13 damage, and now have 57/70 hp.
You closely miss the acid dragon.
The acid dragon is engulfed in blazing flames.
You kill the acid dragon!
Okawaru accepts your kill. 😕 HP[+1] Unknown command.
No target in view! 😕 HP[+1]
You now have 75 gold pieces (gained 17). 😕 HP[+1]
You see here the +5 chain mail "Reggach" {Dex+2}. 😕 HP[+1]
D - the +5 chain mail "Reggach" {Dex+2} Key pressed, stopping explore.
Unknown command. 😎 HP[+9]
Your hp is fully restored (70).
h - 2 potions of berserk rage (gained 1)
You see here 4 stones.
Key pressed, stopping explore.
Key pressed, stopping explore.
i - 8 potions of curing (gained 1) Key pressed, stopping explore.
Found a stone staircase leading down.
Key pressed, stopping explore.
A two-headed ogre comes into view.
It is wielding a +0 giant club and a +0 giant spiked club.
The two-headed ogre shouts in stereo!
A two-headed ogre is nearby!
A two-headed ogre is nearby!
The two-headed ogre hits you with a +0 giant club!
The two-headed ogre hits you with a +0 giant spiked club! 😮 HP[-30]
You take 30 damage, and now have 40/70 hp.
MASSIVE DAMAGE!! (PAUSE)
You hit the two-headed ogre but do no damage.
You tail-slap the two-headed ogre.
You are too injured to fight recklessly!
You hit the two-headed ogre.
The two-headed ogre hits you with a +0 giant club!
* * * LOW HITPOINT WARNING * * *
You block the two-headed ogre's attack. 😨 HP[-7]
You take 7 damage, and now have 33/70 hp.
Unknown command.
You closely miss the two-headed ogre.
You tail-slap the two-headed ogre. 😨 HP[+1]
You hit the two-headed ogre but do no damage.
You drain the two-headed ogre.
The two-headed ogre is struck by your spines.
The two-headed ogre hits you with a +0 giant club!!
* * * LOW HITPOINT WARNING * * *
The two-headed ogre barely misses you. 😱 HP[-22]
You take 22 damage, and now have 12/70 hp.
MASSIVE DAMAGE!! (PAUSE)
You slash the two-headed ogre! You drain the two-headed ogre.
You hit the two-headed ogre.
The two-headed ogre hits you with a +0 giant club.
* * * LOW HITPOINT WARNING * * *
You block the two-headed ogre's attack. 😱 HP[-6]
You take 6 damage, and now have 6/70 hp.
Unknown command.
Unknown command.
You feel much better.
The two-headed ogre hits you with a +0 giant club!!
* * * LOW HITPOINT WARNING * * *
The two-headed ogre hits you with a +0 giant spiked club!
* * * LOW HITPOINT WARNING * * *
😱 HP[-2]
You take 2 damage, and now have 4/70 hp.
Unknown command.
Okay, then.
You feel much better. 😨 HP[+24]
You regained 24 hp, and now have 28/70 hp.
You slash the two-headed ogre! You drain the two-headed ogre.
You tail-slap the two-headed ogre.
The two-headed ogre hits you with a +0 giant club!!
* * * LOW HITPOINT WARNING * * *
The two-headed ogre hits you with a +0 giant spiked club!
You die...

Skill      XL: |  1  2  3  4  5  6  7  8  9 10 |
---------------+-------------------------------+-----
Axes           | 2 3 6 8 10 12 13 | 13.5
Shields        | 3 4 |  4.0
Invocations    | 7 |  7.0
Armour         | 3 |  3.6
Fighting       | |  3.0

Action                     |  1- 3 |  4- 6 |  7- 9 | 10-12 || total
---------------------------+-------+-------+-------+-------++-------
  Melee: War axe           |    56 |    98 |   245 |   108 ||   507
         Tailslap          |       |    10 |    31 |    19 ||    60
  Evoke: Wand              |       |     1 |     7 |       ||     8
    Use: Scroll            |     4 |     3 |    12 |     1 ||    20
         Potion            |       |     2 |     6 |     2 ||    10
   Stab: Invisible         |       |       |     2 |       ||     2
 Armour: Scale mail        |    24 |    27 |    11 |       ||    62
         Plate armour      |       |       |   101 |    42 ||   143
         Skin              |       |       |    33 |       ||    33
  Dodge: Dodged            |    21 |    43 |    67 |    10 ||   141
  Block: Buckler           |    16 |    19 |    67 |    24 ||   126

Levels and vault maps discovered:
D:1:      roderic_dead_forest, layout_basic, serial_shops,
          nicolae_shop_overgrown_old_shop, shop, shop,
          nicolae_shop_hallway_stairs, minmay_pentomino_o4
D:2:      layout_loops_ring, hellmonk_ecumenical_altar_zigzags, uniq_natasha
D:3:      layout_loops_ring, mainiacjoe_overflow_small_starburst
D:4:      layout_gridville, gammafunk_ghost_split, enter_ossuary_1,
          hangedman_abyss_or_decor_slice, uniq_grinder
D:5:      layout_rooms, serial_bayou_crossing, uniq_ijyb
D:6:      layout_basic, okawaru_altar_gauntlet_db, minmay_temple_entry_mist,
          minmay_crystal_room, moated_statue, corexii_shack,
          minmay_misc_feat_columns
D:7:      layout_loops_ring, mainiacjoe_overflow_alcove_1, serial_shops, shop,
          uniq_joseph
D:8:      layout_gridville, nicolae_hepliaklqana_monster_ancestors,
          mainiacjoe_overflow_large_starburst, erik_lair_orcish_takeover
D:9:      layout_layer_cave, gammafunk_ghost_icy
Temple:   nicolae_temple_x_marks_the_god

Notes
Turn   | Place    | Note
-------+----------+-------------------------------------------
     0 | D:1      | ytrimaz the Demonspawn Fighter began the quest for the Orb.
     0 | D:1      | Reached XP level 1. HP: 18/18 MP: 1/1
     0 | D:1      | magus.rc [v1.9.6]
    62 | D:1      | Found Ludiun's Antique Armour Shop.
   196 | D:1      | Reached skill level 2 in Axes
   196 | D:1      | Reached skill level 3 in Shields
   207 | D:1      | Found Opeidd's General Store.
   214 | D:1      | Gained mutation: You are partially covered in sharp spines.
                  | [demonic ancestry]
   214 | D:1      | Reached XP level 2. HP: 24/24 MP: 2/2
   405 | D:1      | You pick up a book of Iron and begin reading...
   405 | D:1      | You add the spells Animate Armour, Blade Hands and Iron
                  | Shot to your library.
   476 | D:1      | Found Cufeuze's Armour Shop.
   489 | D:1      | magus.rc [v1.9.6]
   639 | D:1      | Reached XP level 3. HP: 26/29 MP: 3/3
   851 | D:1      | Found Omual's Distillery.
   907 | D:1      | Bought a potion of heal wounds for 60 gold pieces
   968 | D:2      | You pick up a book of Burglary and begin reading...
   968 | D:2      | You add the spells Passwall, Ensorcelled Hibernation and
                  | Swiftness to your library.
  1028 | D:2      | Noticed Natasha
  1033 | D:2      | Killed Natasha
  1034 | D:2      | Reached skill level 4 in Shields
  1034 | D:2      | Gained mutation: Your demonic aura sometimes causes spilled
                  | blood to erupt in flames. [demonic ancestry]
  1034 | D:2      | Reached XP level 4. HP: 29/35 MP: 4/4
  1145 | D:2      | Noticed Natasha
  1157 | D:2      | Killed Natasha
  1158 | D:2      | Reached skill level 3 in Axes
  1201 | D:2      | Noticed Natasha
  1206 | D:2      | Killed Natasha
  1295 | D:2      | You add the spells Vhi's Electric Charge, Arcjolt and
                  | Maxwell's Capacitive Coupling to your library.
  1333 | D:2      | You pick up a book of Callings and begin reading...
  1333 | D:2      | You add the spells Summon Small Mammal, Call Canine
                  | Familiar and Summon Guardian Golem to your library.
  1397 | D:2      | Found a faded altar of an unknown god.
  1708 | D:3      | You feel monstrous as your demonic heritage exerts itself.
  1708 | D:3      | Discovered your monstrous ancestry.
  1708 | D:3      | Gained mutation: You have a small tail. [demonic ancestry]
  1708 | D:3      | Reached XP level 5. HP: 38/41 MP: 5/5
  2049 | D:3      | Reached skill level 4 in Axes
  2186 | D:3      | Found a burning altar of Makhleb.
  2195 | D:3      | HP: 7/41 [orc/+0 whip (4)]
  2200 | D:3      | HP: 3/41 [orc/+0 whip (3)]
  2667 | D:4      | Noticed Grinder
  2668 | D:4      | Paralysed by Grinder for 2 turns
  2684 | D:4      | Paralysed by Grinder for 4 turns
  2691 | D:4      | Killed Grinder
  2692 | D:4      | Reached skill level 6 in Axes
  2692 | D:4      | Reached XP level 6. HP: 30/47 MP: 6/6
  2817 | D:4      | You pick up a book of Dreams and begin reading...
  2817 | D:4      | You add the spells Spider Form and Anguish to your library.
  2997 | D:4      | Found a runed translucent gate.
  3001 | D:4      | Found a runed translucent gate.
  3003 | D:4      | Found a runed translucent gate.
  3007 | D:4      | Noticed BlasphemerAmon's ghost (weakling GnMo)
  3019 | D:4      | Found a sand-covered staircase.
  3030 | Ossuary  | Entered an ossuary
  3048 | Ossuary  | Gained mutation: You have a tail ending in a sharp stinger.
                  | [demonic ancestry]
  3048 | Ossuary  | Reached XP level 7. HP: 47/52 MP: 7/7
  3568 | D:5      | Entered Level 5 of the Dungeon
  3682 | D:5      | Reached skill level 7 in Axes
  3886 | D:5      | Noticed Ijyb
  3895 | D:5      | Killed Ijyb
  3973 | D:5      | Reached skill level 8 in Axes
  3997 | D:5      | Reached XP level 8. HP: 19/58 MP: 8/8
  4365 | D:5      | Identified a scroll of acquirement
  4458 | D:5      | Acquired the ring of Ehoemo {rElec rCorr Str+2 Dex+3
                  | Stlth+}
  4713 | D:6      | Reached skill level 9 in Axes
  4720 | D:6      | Found an iron altar of Okawaru.
  4858 | D:6      | Found a staircase to the Ecumenical Temple.
  4902 | D:6      | Reached skill level 10 in Axes
  4954 | D:6      | HP: 13/58 [orc/+0 hand axe (4)]
  4957 | D:6      | HP: 3/58 [orc warrior/+0 glaive (8)]
  5396 | D:6      | Gained mutation: Your touch may inflict minor irresistible
                  | damage on your foes. [demonic ancestry]
  5396 | D:6      | Reached XP level 9. HP: 46/63 MP: 9/9
  5685 | Temple   | Entered the Ecumenical Temple
  5803 | D:6      | Became a worshipper of Warmaster Okawaru
  5903 | D:7      | Found a blossoming altar of Fedhas.
  5920 | D:7      | Reached skill level 11 in Axes
  6255 | D:7      | Reached * piety under Okawaru
  6256 | D:7      | Reached skill level 1 in Invocations
  6263 | D:7      | Reached skill level 2 in Invocations
  6487 | D:7      | Reached skill level 3 in Invocations
  6495 | D:7      | Noticed Joseph
  6504 | D:7      | HP: 20/94 [killer bee (6)]
  6516 | D:7      | Joseph changed into Joseph the blink frog
  6516 | D:7      | Noticed Joseph
  6530 | D:7      | Killed Joseph the blink frog
  6531 | D:7      | Reached skill level 4 in Invocations
  6726 | D:7      | Found Laffyan's Magic Scroll Shoppe.
  6870 | D:8      | Reached skill level 5 in Invocations
  6876 | D:8      | Found a staircase to the Lair.
  6878 | D:8      | Noticed a two-headed ogre
  6887 | D:7      | HP: 15/63 [warg (2)]
  6890 | D:7      | Reached skill level 6 in Invocations
  7103 | D:8      | Reached ** piety under Okawaru
  7117 | D:8      | Reached skill level 7 in Invocations
  7176 | D:8      | Killed a two-headed ogre
  7176 | D:8      | Reached *** piety under Okawaru
  7177 | D:8      | Reached skill level 12 in Axes
  7177 | D:8      | Gained mutation: Your touch may inflict irresistible damage
                  | on your foes. [demonic ancestry]
  7177 | D:8      | Reached XP level 10. HP: 47/70 MP: 15/15
  7421 | D:8      | Found a hazy altar of Hepliaklqana.
  7510 | D:8      | Found an opulent altar of Gozag.
  7510 | D:8      | Found a basalt altar of Yredelemnul.
  8259 | D:9      | Reached skill level 13 in Axes
  8264 | D:9      | Reached **** piety under Okawaru
  8411 | D:9      | Found a runed translucent gate.
  8411 | D:9      | Found a runed translucent gate.
  8411 | D:9      | Found a runed translucent gate.
  8444 | D:9      | Reached skill level 3 in Armour
  8479 | D:9      | Noticed a gargoyle
  8487 | D:9      | Noticed Orangeyouglad's ghost (novice HuWn)
  8790 | D:1      | Bought a jewelled plate armour for 672 gold pieces
  8790 | D:1      | Identified the +2 plate armour of the Dice {rF++ MP+9} (You
                  | bought it in a shop on level 1 of the Dungeon)
  9102 | D:9      | Killed a gargoyle
  9264 | D:9      | You pick up a book of Vapours and begin reading...
  9264 | D:9      | You add the spells Poisonous Vapours, Mephitic Cloud and
                  | Freezing Cloud to your library.
  9403 | D:9      | Identified the +5 chain mail "Reggach" {Dex+2}
  9590 | D:9      | Noticed a two-headed ogre
  9597 | D:9      | HP: 12/70 [two-headed ogre/+0 giant club (22)]
  9600 | D:9      | HP: 4/70 [two-headed ogre/+0 giant club (11)]
  9602 | D:9      | Slain by a two-headed ogre

Vanquished Creatures
  A two-headed ogre (D:8)
  A gargoyle (D:9)
  A hornet (D:8)
  Grinder (D:4)
  A blink frog (D:7)
  A shadow (D:9)
  3 yaks (D:9)
  A wyvern (D:9)
  A steam dragon (D:6)
  2 wargs (D:7)
  A water moccasin (D:5)
  An acid dragon (D:9)
  3 sky beasts
  4 orc warriors
  3 ice beasts
  2 ogres
  A centaur (D:6)
  A phantom (D:6)
  A bullfrog (D:9)
  5 scorpions
  8 wights
  8 killer bees
  5 howler monkeys
  6 orc priests
  7 hounds
  2 human zombies (Ossuary)
  Ijyb (D:5)
  Natasha (thrice) (D:2)
  3 iguanas
  6 orc wizards
  2 mummies (Ossuary)
  4 gnolls (D:7)
  7 adders
  2 white imps
  2 ufetubi (D:5)
  A worm (D:4)
  2 dart slugs
  41 orcs
  3 bats
  8 endoplasms
  3 giant cockroaches
  4 gnoll zombies (Ossuary)
  5 hobgoblins
  7 jackals
  7 kobolds
  7 quokkas
  A ball python (D:1)
  2 frilled lizards
  8 goblins
  5 goblin zombies (Ossuary)
  A hobgoblin zombie (Ossuary)
  2 orc zombies (Ossuary)
  3 rats
  A spectral orc (D:8)
212 creatures vanquished.

Vanquished Creatures (others)
  A killer bee (D:7)
1 creature vanquished.

Grand Total: 213 creatures vanquished

Table legend:
 A = Non-vault XP
 B = Vault XP
 C = Vault XP percentage of total XP
 D = Non-vault monster count
 E = Vault monster count
 F = Vault count percentage of total count
                 A         B        C        D         E       F
            +---------+---------+-------+---------+---------+-------
      Total |    7697 |    1367 |  15.1 |     174 |      39 |  18.3
            +---------+---------+-------+---------+---------+-------
        D:1 |      44 |       3 |   6.4 |      23 |       2 |   8.0
        D:2 |      99 |      36 |  26.7 |      11 |       1 |   8.3
        D:3 |     183 |       0 |   0.0 |      25 |       0 |   0.0
        D:4 |      60 |     272 |  81.9 |      10 |       1 |   9.1
        D:5 |     803 |      36 |   4.3 |      15 |       1 |   6.2
        D:6 |    1112 |      18 |   1.6 |      22 |       7 |  24.1
        D:7 |    1178 |     609 |  34.1 |      26 |       3 |  10.3
        D:8 |    2463 |     251 |   9.2 |      29 |       8 |  21.6
        D:9 |    1755 |       0 |   0.0 |      13 |       0 |   0.0
    Ossuary |       0 |     142 | 100.0 |       0 |      16 | 100.0
            +---------+---------+-------+---------+---------+-------

Skill      XL: |  1  2  3  4  5  6  7  8  9 10 |
---------------+-------------------------------+-----
Axes           | 2 3 6 8 10 12 13 | 13.5
Shields        | 3 4 |  4.0
Invocations    | 7 |  7.0
Armour         | 3 |  3.6
Fighting       | |  3.0

Action                     |  1- 3 |  4- 6 |  7- 9 | 10-12 || total
---------------------------+-------+-------+-------+-------++-------
  Melee: War axe           |    56 |    98 |   245 |   108 ||   507
         Tailslap          |       |    10 |    31 |    19 ||    60
  Evoke: Wand              |       |     1 |     7 |       ||     8
    Use: Scroll            |     4 |     3 |    12 |     1 ||    20
         Potion            |       |     2 |     6 |     2 ||    10
   Stab: Invisible         |       |       |     2 |       ||     2
 Armour: Scale mail        |    24 |    27 |    11 |       ||    62
         Plate armour      |       |       |   101 |    42 ||   143
         Skin              |       |       |    33 |       ||    33
  Dodge: Dodged            |    21 |    43 |    67 |    10 ||   141
  Block: Buckler           |    16 |    19 |    67 |    24 ||   126

Illustrated notes

Table legend:
 A = Kills in this place as a percentage of kills in the entire game.
 B = Kills by you in this place as a percentage of kills by you in the entire game.
 C = Kills by friends in this place as a percentage of kills by friends in the entire game.
 D = Other kills in this place as a percentage of other kills in the entire game.
 E = Experience gained in this place as a percentage of experience gained in the entire game.
 F = Experience gained in this place divided by the number of levels of this place that you have seen.
                   A       B       C       D       E      F
               +-------+-------+-------+-------+-------+----------------------
         Total | 100.0 | 100.0 |   N/A | 100.0 | 100.0 | 824.0
       Dungeon |  92.5 |  92.5 |   N/A | 100.0 |  98.4 | 991.3
       Ossuary |   7.5 |   7.5 |   N/A |   0.0 |   1.6 | 142.0
               +-------+-------+-------+-------+-------+----------------------

Table legend: (Time is in decaauts)
 A = Elapsed time spent in this place.
 B = Non-inter-level travel time spent in this place.
 C = Inter-level travel time spent in this place.
 D = Time resting spent in this place.
 E = Time spent auto-exploring this place.
 F = Levels seen in this place.
 G = Mean time per level.
                   A        B        C        D        E       F      G
               +--------+--------+--------+--------+--------+-----+--------+
         Total |   9680 |   9040 |    640 |    336 |   7119 |  11 |  880.0 |
       Dungeon |   9390 |   8752 |    638 |    336 |   6928 |   9 | 1043.3 |
        Temple |     83 |     82 |      1 |      0 |     57 |   1 |   83.0 |
       Ossuary |    206 |    206 |      0 |      0 |    134 |   1 |  206.0 |
               +--------+--------+--------+--------+--------+-----+--------+

Top non-repeatable levels by time:
     D:6: 1332 daAuts
     D:7: 1317 daAuts
     D:8: 1232 daAuts
     D:1: 1060 daAuts
     D:3: 1015 daAuts
     D:5: 963 daAuts
     D:9: 891 daAuts
     D:2: 813 daAuts
     D:4: 764 daAuts
 Ossuary: 206 daAuts
  Temple: 83 daAuts
